 Dungeon Crawl Stone Soup version 0.29.0-4-gdea44cf6ec (webtiles) character file.

Game seed: 2049746688540011231

76 qw the Chopper (level 4, 0/26 HPs)
             Began as a Tengu Warper on Aug 28, 2022.
             Slain by a worm (4 damage)
             ... on level 2 of the Dungeon.
             The game lasted 00:00:10 (1708 turns).

qw the Chopper (Tengu Warper)                       Turns: 1708, Time: 00:00:10

Health: 0/26       AC: 12    Str: 13    XL:     4   Next: 32%
Magic:  8/8        EV:  6    Int: 14    God:
Gold:   52         SH:  0    Dex: 13    Spells: 7/7 levels left

rFire   . . .      SeeInvis .   Y - +1 hand axe
rCold   . . .      Faith    .   (no shield)
rNeg    . . .      Spirit   .   e - +0 chain mail
rPois   .          Reflect  .   (helmet restricted)
rElec   .          Harm     .   (no cloak)
rCorr   .          Rampage  .   (no gloves)
Will    .....                   (boots unavailable)
Stlth   ..........              (no amulet)
HPRegen 0.08/turn               f - +4 ring of protection
MPRegen 0.11/turn               (no ring)

@: lethally poisoned (0 -> -4)
A: beak, talons 3
a: no special abilities


You were on level 2 of the Dungeon.
You visited 1 branch of the dungeon, and saw 2 of its levels.

You collected 52 gold pieces.


Innate Abilities, Weirdness & Mutations

You have a beak for a mouth.
You have claws for feet.


   Skills:
 - Level 2.0 Fighting
 + Level 4.9 Axes
 - Level 1.0 Throwing
 - Level 1.1 Armour
 - Level 2.1 Dodging
 - Level 2.0 Spellcasting
 - Level 2.4 Translocations


You had 7 spell levels left.
You didn't know any spells.
Your spell library contained the following spells:

 Spells                   Type           Power      Damage    Failure   Level
 Blink                    Tloc           16%        N/A       99%         2
 Gell's Gravitas          Tloc           8%         N/A       100%        3
 Lesser Beckoning         Tloc           8%         N/A       100%        3
 Teleport Other           Tloc           8%         N/A       100%        3
 Manifold Assault         Tloc           8%         N/A       100%        5

Inventory:

Hand Weapons
 d - a +0 whip
 Y - a +1 hand axe (weapon)
Missiles
 k - 2 boomerangs (quivered)
Armour
 e - a +0 chain mail (worn)
Jewellery
 a - an amulet of regeneration
 f - a +4 ring of protection (left hand)
Potions
 b - a potion of attraction {unknown}
 i - a potion of invisibility {unknown}
 l - a potion of mutation {unknown}

Dungeon Overview and Level Annotations

Branches:
Dungeon (2/15)

Altars:


Message History

The gnoll hits you with a +0 club.
You slash the gnoll!
You kill the gnoll!
You hit the adder but do no damage. You hit the gnoll but do no damage.
You hit the worm. The adder bites you.
You are poisoned.
The adder poisons you!
A rat comes into view.
The gnoll hits you but does no damage. The worm barely misses you.
The adder bites you but does no damage.
You barely miss the adder. Your peck misses the adder.
The adder is heavily wounded.
You hit the worm. You hit the gnoll but do no damage.
You feel sick. The adder barely misses you.
The gnoll hits you but does no damage. The worm barely misses you.
You barely miss the adder. Your kick misses the adder.
The adder is heavily wounded.
You hit the gnoll but do no damage. You hit the worm but do no damage.
You feel sick. The adder bites you but does no damage.
The gnoll hits you but does no damage.
You closely miss the adder. Your peck misses the adder.
The adder is heavily wounded.
You hit the gnoll. You barely miss the worm.
You feel sick.
You are no longer poisoned.
The adder barely misses you. The gnoll hits you with a +0 club.
The adder bites you but does no damage. The worm bites you but does no damage.
You barely miss the adder. You claw the adder.
The adder is severely wounded.
You closely miss the gnoll. You hit the worm. The adder bites you.
You are poisoned.
The adder poisons you! The gnoll hits you but does no damage.
You barely miss the adder.
The adder is severely wounded.
You hit the gnoll but do no damage. You barely miss the worm.
You feel sick. The adder bites you. The gnoll hits you but does no damage.
The worm bites you.
You die...

..........#...
....>.........
.............#
.............#
............#
#.....r...
#....)wS# #.....@g#
#....$..#
#.......##.
#...........
########.......####
#.................
#.######.......###
#.##...#.......#
#.##...###########


You could see a worm, a gnoll, an adder and a rat.

Vanquished Creatures
  3 gnolls (D:2)
  An adder (D:2)
  3 endoplasms (D:1)
  A giant cockroach (D:1)
  A hobgoblin (D:1)
  3 jackals (D:1)
  2 quokkas (D:1)
  2 ball pythons
  5 bats (D:1)
  3 frilled lizards
  5 goblins (D:1)
  6 kobolds (D:1)
  3 rats (D:1)
38 creatures vanquished.

Notes
Turn   | Place    | Note
-------+----------+-------------------------------------------
     0 | D:1      | qw the Tengu Warper began the quest for the Orb.
     0 | D:1      | Reached XP level 1. HP: 12/12 MP: 4/4
     0 | D:1      | 0 ||| qw: Version: 0.1-a-89-g26bdef1
     0 | D:1      | 0 ||| qw: Game counter: 537
     0 | D:1      | 0 ||| qw: Always use a shield: true
     0 | D:1      | 0 ||| qw: God list: Okawaru
     0 | D:1      | 0 ||| qw: Allow faded altars: false
     0 | D:1      | 0 ||| qw: Do Orc after D:15 true
     0 | D:1      | 0 ||| qw: Do second Lair branch before Depths: true
     0 | D:1      | 0 ||| qw: Lair rune preference: random
     0 | D:1      | 0 ||| qw: Plans: Normal
     0 | D:1      | 0 ||| PLANNING D:1-11
   346 | D:1      | Reached XP level 2. HP: 17/17 MP: 6/6
   348 | D:1      | 348 ||| DROPPING +0 club.
   367 | D:1      | Reached skill level 3 in Axes
   904 | D:1      | Reached XP level 3. HP: 12/21 MP: 7/7
  1081 | D:1      | 1081 ||| Stepping ~*~*~tactically~*~*~ (stealth).
  1158 | D:1      | 1158 ||| Stepping ~*~*~tactically~*~*~ (stealth).
  1322 | D:1      | Reached skill level 4 in Axes
  1394 | D:1      | 1394 ||| UPGRADING to +0 chain mail.
  1404 | D:1      | 1404 ||| DROPPING +0 leather armour.
  1405 | D:1      | 1405 ||| UPGRADING to +4 ring of protection.
  1406 | D:1      | 1406 ||| READING scroll labelled DYIKOY NOLELI.
  1407 | D:1      | 1407 ||| READING scroll labelled LIQAEG EGULU.
  1410 | D:1      | 1410 ||| READING scroll labelled HUWKIL QAREUC.
  1411 | D:1      | 1411 ||| DROPPING scroll of blinking.
  1457 | D:2      | 1457 ||| STAIRDANCE
  1701 | D:2      | Reached XP level 4. HP: 18/26 MP: 8/8
  1708 | D:2      | HP: 4/26 [adder (3)]
  1708 | D:2      | Slain by a worm

Levels and vault maps discovered:
D:1:      elethiomel_arrival_infinity_welcomes_careful_drivers,
          layout_loops_cross
D:2:      layout_basic

Skill      XL: |  1  2  3 |
---------------+----------+-----
Axes           | 3 4 |  4.9
Fighting       | |  2.0
Throwing       | |  1.0
Armour         | |  1.1
Dodging        | |  2.1
Spellcasting   | |  2.0
Translocations | |  2.4

Action                   |  1- 3 |  4- 6 || total
-------------------------+-------+-------++-------
Melee: Hand axe          |    73 |     8 ||    81
       Peck              |     7 |       ||     7
       Kick              |     9 |     2 ||    11
       Punch             |     1 |       ||     1
Throw: Boomerang         |    29 |       ||    29
  Use: Scroll            |     3 |       ||     3
Armor: Leather armour    |    12 |       ||    12
       Chain mail        |     8 |    15 ||    23
Dodge: Dodged            |    37 |     4 ||    41

Table legend:
 A = Non-vault XP
 B = Vault XP
 C = Vault XP percentage of total XP
 D = Non-vault monster count
 E = Vault monster count
 F = Vault count percentage of total count
                 A         B        C        D         E       F
            +---------+---------+-------+---------+---------+-------
      Total |     109 |       0 |   0.0 |      38 |       0 |   0.0
            +---------+---------+-------+---------+---------+-------
        D:1 |      50 |       0 |   0.0 |      32 |       0 |   0.0
        D:2 |      59 |       0 |   0.0 |       6 |       0 |   0.0
            +---------+---------+-------+---------+---------+-------
